 Dungeon Crawl Stone Soup version 0.26.1-16-g4e020e15dc (webtiles) character file.

Game seed: 9593175080352095690

268 BiteMe the Magician (level 6, -1/63 HPs)
             Began as a Demonspawn Fire Elementalist on June 24, 2023.
             Slain by a sky beast (6 damage)
             ... on level 5 of the Dungeon.
             The game lasted 00:28:43 (5369 turns).

BiteMe the Magician (Demonspawn Fire Elementalist)  Turns: 5369, Time: 00:28:45

Health: -1/63      AC: 27    Str:  9    XL:     6   Next: 1%
Magic:  6/11       EV:  2    Int: 18    God:
Gold:   139        SH:  0    Dex: 13    Spells: 11/12 levels left

rFire    . . .     SeeInvis .   r - +1 mace (venom)
rCold    . . .     Faith    .   (no shield)
rNeg     + + +     Spirit   .   (armour currently unavailable)
rPois    +         Reflect  .   (helmet currently unavailable)
rElec    .         Harm     .   (cloak currently unavailable)
rCorr    .         Rampage  .   (gloves currently unavailable)
Will     .....     NoTele   +   (boots currently unavailable)
Stlth    +.........             (no amulet)
HPRegen  0.20/turn              x - +4 ring of protection
MPRegen  0.12/turn              h - -4 ring of evasion (curse)

@: confused, tree-form
A: miasma immunity
a: no special abilities


You were on level 5 of the Dungeon.
You were a tree.
You visited 1 branch of the dungeon, and saw 4 of its levels.

You collected 139 gold pieces.

Inventory:

Hand Weapons
 b - a +0 mace
 e - a +0 spear
 f - a +0 trident
 j - a +0 short sword
 m - a +0 dagger of venom
 p - a +0 whip
 r - a +1 mace of venom (weapon)
 s - a +0 mace of venom
Missiles
 u - 16 bolts
Armour
 a - a +1 robe (melded)
Jewellery
 h - a cursed -4 ring of evasion (right branch)
 x - a +4 ring of protection (left branch)
Potions
 c - a potion of cancellation
 d - 2 potions of mutation {unknown}
 i - a potion of berserk rage
 n - 2 potions of lignification
 q - a potion of degeneration {unknown}
 v - a potion of curing {unknown}


   Skills:
 + Level 0.4 Fighting
 + Level 0.6 Maces & Flails
 * Level 1.4 Armour
 * Level 2.5 Dodging
 - Level 1.7 Stealth
 * Level 3.9 Spellcasting
 * Level 2.6 Conjurations
 + Level 3.3 Fire Magic


You had 11 spell levels left.
You knew the following spells:

 Your Spells              Type           Power        Failure   Level
a - Foxfire               Conj/Fire      56%          4%          1

Your spell library contained the following spells:

 Spells                   Type           Power        Failure   Level
 Conjure Flame            Conj/Fire      14%          13%         3
 Inner Flame              Hex/Fire       9%           22%         3
 Sticky Flame             Conj/Fire      14%          41%         4
 Fireball                 Conj/Fire      7%           77%         5


Dungeon Overview and Level Annotations

Branches:
Dungeon (3/15)

Altars:
Kikubaaqudgha

Annotations:
D:2 1 runed translucent door


Innate Abilities, Weirdness & Mutations

((You are partially covered in iridescent scales. (AC +2)))
You are immune to miasma.


Message History

You cannot move. (Use ctrl+direction or * direction to attack without moving.)
You cannot move. (Use ctrl+direction or * direction to attack without moving.)
You cannot move. (Use ctrl+direction or * direction to attack without moving.)
You cannot move. (Use ctrl+direction or * direction to attack without moving.) You're too confused to cast spells.
You cannot move. (Use ctrl+direction or * direction to attack without moving.)
You cannot move. (Use ctrl+direction or * direction to attack without moving.)
You swing at nothing.
You hear some strange, mumbled words.
A puff of flame appears from out of thin air!
The puff of flame hits you but does no damage.
The sky beast hits you but does no damage.
You swing at nothing.
You hear some strange, mumbled words.
A magic dart appears from out of thin air!
The magic dart hits you but does no damage.
The sky beast hits you.
* * * LOW HITPOINT WARNING * * *
The sky beast shocks you.
You die...

#........ ...#.....
##.#.......
....#......####
..............#
..............#
#............#
.##.....(.....######
....#.....♣........#
.........Y{..).....#
####...o..........#
#####...o...........####
.......................#
......#.)......÷....##.
.....§..............# #
..............#.....#
........................


You could see a sky beast and 2 orcs.

Vanquished Creatures
  An ice beast (D:5)
  An orc priest (D:5)
  A worker ant (D:5)
  4 adders
  2 white imps (D:5)
  3 worms
  2 dart slugs (D:1)
  2 leopard geckos
  An orc (D:5)
  A ball python (D:5)
  5 giant cockroaches
  7 hobgoblins
  6 jackals
  3 kobolds
  6 bats
  4 frilled lizards
  4 goblins
  8 rats
61 creatures vanquished.

Vanquished Creatures (others)
  173 foxfires
173 creatures vanquished.

Grand Total: 234 creatures vanquished

Notes
Turn   | Place    | Note
-------+----------+-------------------------------------------
     0 | D:1      | BiteMe the Demonspawn Fire Elementalist began the quest for
                  | the Orb.
     0 | D:1      | Reached XP level 1. HP: 13/13 MP: 3/3
   729 | D:1      | Gained mutation: You are immune to miasma. [demonic
                  | ancestry]
   729 | D:1      | Reached XP level 2. HP: 19/19 MP: 1/5
  2313 | D:1      | Gained mutation: You are partially covered in iridescent
                  | scales. (AC +2) [demonic ancestry]
  2313 | D:1      | Reached XP level 3. HP: 24/24 MP: 1/6
  2813 | D:2      | Found a faded altar of an unknown god.
  3307 | D:2      | You fall into a shaft and drop 1 floor!
  3313 | D:3      | Reached XP level 4. HP: 30/30 MP: 5/8
  3344 | D:3      | Reached skill level 1 in Armour
  3770 | D:2      | Found a runed translucent door.
  4038 | D:2      | Found an ancient bone altar of Kikubaaqudgha.
  5039 | D:3      | You fall into a shaft and drop 2 floors!
  5039 | D:5      | Entered Level 5 of the Dungeon
  5049 | D:5      | Noticed an ice beast
  5057 | D:5      | Reached XP level 5. HP: 26/35 MP: 0/10
  5089 | D:5      | Killed an ice beast
  5358 | D:5      | Reached XP level 6. HP: 13/42 MP: 5/11
  5365 | D:5      | Noticed a sky beast
  5369 | D:5      | Slain by a sky beast

Illustrated notes

Levels and vault maps discovered:
D:1:      psy_arrival_statuary, layout_basic
D:2:      layout_rooms, marbit_many_paths, chequers_ecumenical_altar_island,
          kennysheep_cluttered_room, uniq_crazy_yiuf_cottage
D:3:      layout_basic, overflow_temple_1_default,
          grunt_temple_overflow_cloverleaf, trog_three_pillars_becter
D:5:      layout_rooms, lemuel_doored_altar

Skill      XL: |  1  2  3  4 |
---------------+-------------+-----
Fire Magic     | 3 |  3.3
Dodging        | 2 |  2.5
Armour         | 1 |  1.4
Conjurations   | 2 |  2.6
Spellcasting   | 3 |  3.9
Fighting       | |  0.4
Maces & Flails | |  0.6
Stealth        | |  1.7

Action                   |  1- 3 |  4- 6 || total
-------------------------+-------+-------++-------
Melee: Mace              |    18 |    27 ||    45
 Cast: Foxfire           |    45 |    51 ||    96
  Use: Scroll            |       |     8 ||     8
       Potion            |       |     4 ||     4
Armor: Robe              |     6 |    30 ||    36
       Skin              |       |     7 ||     7
Dodge: Dodged            |    25 |    29 ||    54
